 Dungeon Crawl Stone Soup version 0.28.0-45-g0d030f2227 (webtiles) character file.

Game seed: 8913284913443613849

1253 bobregger the Basher (level 8, -2/78 HPs)
             Began as an Ogre Berserker on Apr 22, 2022.
             Was a Priest of Trog.
             Engulfed by a steam dragon's steam (9 damage)
             ... on level 7 of the Dungeon.
             The game lasted 00:07:02 (7080 turns).

bobregger the Basher (Ogre Berserker)               Turns: 7080, Time: 00:07:02

Health: -2/78      AC:  4    Str: 24    XL:     8   Next: 51%
Magic:  8/8        EV: 10    Int:  8    God:    Trog [***...]
Gold:   270        SH:  0    Dex:  8    Spells: 7/7 levels left

rFire   . . .      SeeInvis .   p - +0 giant club
rCold   . . .      Faith    .   (shield currently unavailable)
rNeg    . . .      Spirit   .   b - +0 animal skin
rPois   .          Reflect  .   (helmet restricted)
rElec   .          Harm     .   a - +0 cloak
rCorr   .          Rampage  .   (gloves unavailable)
Will    .....                   (boots unavailable)
Stlth   +.........              (no amulet)
HPRegen 0.23/turn               (no ring)
MPRegen 0.11/turn               (no ring)

@: on berserk cooldown, slowed, very slow
A: large, unfitting armour, tough skin 1
a: Renounce Religion, Berserk, Trog's Hand


You were on level 7 of the Dungeon.
You worshipped Trog.
Trog was most pleased with you.
You visited 1 branch of the dungeon, and saw 7 of its levels.

You collected 270 gold pieces.

Inventory:

Hand Weapons
 p - a +0 giant club (weapon)
Armour
 a - a +0 cloak (worn)
 b - a +0 animal skin (worn)
Jewellery
 q - a ring of magical power
 t - a ring of resist corrosion
Wands
 s - a wand of acid (18)
Scrolls
 c - 7 scrolls of identify {unknown}
 f - 3 scrolls of holy word {unknown}
 g - a scroll of immolation {unknown}
 h - a scroll of enchant weapon {unknown}
 i - 2 scrolls of enchant armour {unknown}
 j - a scroll of silence {unknown}
 m - 2 scrolls of noise {unknown}
 n - a scroll of teleportation
 o - a scroll of blinking {unknown}
 u - a scroll of fear {unknown}
Potions
 d - a potion of ambrosia {unknown}
 e - 2 potions of curing {unknown}
 k - 2 potions of heal wounds {unknown}
 r - a potion of haste {unknown}
 v - 2 potions of lignification {unknown}


   Skills:
 - Level 4.0 Fighting
 + Level 9.6 Maces & Flails
 - Level 2.6 Dodging


You had 7 spell levels left.
You didn't know any spells.
Your spell library was empty.

Dungeon Overview and Level Annotations

Branches:
Dungeon (7/15)             Temple (0/1) D:6

Altars:
Cheibriados
Elyvilon
Fedhas
Gozag
Hepliaklqana
Ru
The Shining One

Annotations:
D:4 2 transporters, NinjaNoafa's ghost, novice HOFi


Innate Abilities, Weirdness & Mutations

You are too large for most types of armour.
You have tough skin. (AC +1)


Message History

The bullfrog hits you but does no damage.
There is an open door here.
The bullfrog hits you. The bullfrog closely misses you.
The bullfrog hits you but does no damage.
The bullfrog barely misses you.
The bullfrog hits you but does no damage.
You open the door. The bullfrog barely misses you. The bullfrog hits you!
There is an open door here.
The bullfrog hits you. The bullfrog hits you! The bullfrog barely misses you.
A phantom breaks down the door.
The bullfrog hits you but does no damage.
The bullfrog misses you. The bullfrog hits you.
The bullfrog hits you but does no damage.
The bullfrog hits you.
A red film seems to cover your vision as you go berserk!
You feel yourself moving faster!
You feel mighty! The bullfrog hits you. The troll bites you!
The troll claws you but does no damage. The troll barely misses you.
The bullfrog closely misses you.
You feel a strong urge to attack something.
The troll bites you! The troll claws you. The troll claws you!
* * * LOW HITPOINT WARNING * * *
The steam dragon breathes steam at you.
The ball of steam misses the steam dragon.
The ball of steam hits you!
* * * LOW HITPOINT WARNING * * *
You feel your anger nearly subside.
You are engulfed in a cloud of scalding steam.
* * * LOW HITPOINT WARNING * * *
You are no longer berserk.
You are exhausted.
You feel yourself slow down.
You are engulfed in a cloud of scalding steam.
The bullfrog is engulfed in a cloud of scalding steam. x2
The bullfrog barely misses you.
The troll is engulfed in a cloud of scalding steam.
You are engulfed in a cloud of scalding steam.
You die...

........#'####+#########'##......
............# #..........
............# #..........
............# #....##'#..
.......≈P...###########....#..#..
....#PP≈P≈P...........W....#..#..
....PPPPP≈......§.§..§§....#..#..
.PPPP≈♣≈≈PP.....§.T§§D.....#..#..
≈PP♣≈≈≈P..<...<.@§FD.......#..#..
≈≈♣≈≈≈.PP#############...........
≈♣PP.P.+.. ............
≈♣P≈...#.. ...≈P.≈...≈ ♣PPP≈..#
.##.≈PP≈P..≈ ♣PP.### ##≈≈P≈≈≈≈≈
≈PP≈# ≈≈≈P≈≈P ≈≈≈♣≈.≈ ≈≈≈≈≈≈
P≈≈≈♣≈≈


You could see a troll, a steam dragon, a phantom and a bullfrog.

Vanquished Creatures
  A sky beast (D:5)
  2 black bears (D:5)
  An ogre (D:5)
  2 bullfrogs
  2 water moccasin skeletons
  A howler monkey (D:6)
  2 jellies
  A bullfrog zombie (D:4)
  3 orc priests
  2 bullfrog skeletons
  An iguana (D:5)
  4 orc wizards
  5 gnolls
  8 adders
  2 howler monkey skeletons (D:6)
  A white imp (D:6)
  An ufetubus (D:4)
  3 adder skeletons (D:4)
  A worm (D:2)
  2 dart slugs
  11 orcs
  5 endoplasms
  7 giant cockroaches
  6 goblins
  9 hobgoblins
  8 jackals (D:4)
  10 kobolds
  4 quokkas
  7 ball pythons
  6 bats
  5 frilled lizards
  3 rats (D:2)
126 creatures vanquished.

Vanquished Creatures (others)
  3 plants (D:7)
3 creatures vanquished.

Grand Total: 129 creatures vanquished

Notes
Turn   | Place    | Note
-------+----------+-------------------------------------------
     0 | D:1      | bobregger the Ogre Berserker began the quest for the Orb.
     0 | D:1      | Reached XP level 1. HP: 24/24 MP: 1/1
    50 | D:1      | Reached skill level 3 in Maces & Flails
    50 | D:1      | Reached XP level 2. HP: 24/32 MP: 2/2
   574 | D:1      | Reached XP level 3. HP: 35/37 MP: 3/3
  1074 | D:2      | Reached ** piety under Trog
  1123 | D:2      | Reached skill level 4 in Maces & Flails
  1216 | D:2      | Found a faded altar of an unknown god.
  1593 | D:2      | Reached XP level 4. HP: 41/48 MP: 4/4
  1860 | D:3      | Found a blossoming altar of Fedhas.
  2064 | D:3      | Reached skill level 5 in Maces & Flails
  2064 | D:3      | Reached XP level 5. HP: 46/54 MP: 5/5
  2715 | D:4      | Reached skill level 6 in Maces & Flails
  2715 | D:4      | Reached XP level 6. HP: 62/62 MP: 6/6
  2744 | D:4      | Reached *** piety under Trog
  3093 | D:4      | Found a transporter.
  3101 | D:4      | Noticed a small abomination
  3152 | D:4      | Found a transporter.
  3359 | D:4      | Found a hazy altar of Hepliaklqana.
  3815 | D:4      | Found a white marble altar of Elyvilon.
  3942 | D:4      | Noticed NinjaNoafa's ghost (novice HOFi)
  3967 | D:5      | Entered Level 5 of the Dungeon
  3980 | D:5      | Found a sacrificial altar of Ru.
  4340 | D:5      | Reached skill level 7 in Maces & Flails
  4340 | D:5      | Reached XP level 7. HP: 70/70 MP: 7/7
  4902 | D:5      | Found a snail-covered altar of Cheibriados.
  4934 | D:5      | Reached skill level 8 in Maces & Flails
  5667 | D:6      | Reached XP level 8. HP: 58/78 MP: 8/8
  5935 | D:6      | Found a staircase to the Ecumenical Temple.
  6013 | D:6      | Reached skill level 9 in Maces & Flails
  6089 | D:6      | Found a glowing golden altar of the Shining One.
  6824 | D:7      | Found an opulent altar of Gozag.
  7030 | D:7      | Noticed a troll
  7080 | D:7      | Engulfed by a steam dragon's steam

Illustrated notes

Levels and vault maps discovered:
D:1:      dpeg_arrival_another_circle, layout_rooms
D:2:      layout_rooms, shapermc_ecumenical_altar_mp_ritualfount
D:3:      layout_rooms, mainiacjoe_overflow_cross_hatched
D:4:      layout_basic, mainiacjoe_overflow_paths, lemuel_crystal_altar,
          gammafunk_ghost_abyssal_escape, columned_hall_lemuel,
          patterned_corridor
D:5:      layout_cave_pools, nicolae_ru_great_annihilating_truth,
          mainiacjoe_overflow_24_doors
D:6:      layout_basic, kennysheep_mini, minmay_temple_entry_drinking_statues,
          hangedman_decor_clover_reticule, grunt_decor_mini_mirrors
D:7:      layout_gridville, nicolae_gozag_seed_capital,
          mainiacjoe_overflow_six_doors_small, serial_bayou,
          serial_bayou_shore_a, serial_bayou_pond_b, serial_bayou_pond_b,
          serial_bayou_lagoon_a

Skill      XL: |  1  2  3  4  5  6  7  8 |
---------------+-------------------------+-----
Maces & Flails | 3 4 5 6 7 8 9 |  9.6
Fighting       | |  4.0
Dodging        | |  2.6

Action                   |  1- 3 |  4- 6 |  7- 9 || total
-------------------------+-------+-------+-------++-------
Melee: Mace              |   117 |    44 |       ||   161
       Punch             |     2 |     3 |       ||     5
       Flail             |       |   167 |   112 ||   279
Throw: Throwing net      |       |       |     1 ||     1
Invok: Berserk           |       |     3 |     2 ||     5
  Use: Potion            |       |     1 |       ||     1
 Stab: Held in net/web   |       |       |     1 ||     1
Armor: Animal skin       |    46 |    53 |    31 ||   130
Dodge: Dodged            |    72 |   127 |    61 ||   260
